PAA
ATLANTIC CITY SONICS @ RENO SILVER SOX
05/05/2033
 
TOP OF THE 1ST
Atlantic City Sonics batting - Pitching for Reno Silver Sox : RHP Edgardo Salas
Pitching: RHP Edgardo Salas
Batting: LHB Xuan-ling Liao 0-0: Ball
1-0: Ball
2-0: Called Strike
2-1: Ball
3-1: Called Strike
3-2: Base on Balls
Batting: RHB Mike Pate 0-0: Called Strike
0-1: Ball
1-1: Called Strike
1-2: SINGLE (Groundball, 6) (infield hit)
Xuan-ling Liao to second
Batting: LHB Bryce Abood 0-0: Called Strike
0-1: Ball
1-1: Ball
2-1: SINGLE (Groundball, 6MD)
Xuan-ling Liao to third
Mike Pate to second
Runner from 3rd tries for Home, SAFE, throw made home
Batting: RHB Jeff Quesenberry 0-0: Ball
1-0: Foul Ball, location: 2F
1-1: SINGLE (Line Drive, 34S)
Mike Pate to third
Bryce Abood to second
Batting: RHB Alejandro Sánchez 0-0: Swinging Strike
0-1: Ball
1-1: Foul Ball, location: 2F
1-2: Ball
2-2: Grounds into double play, 6-4-3 (Groundball, 56D)
Mike Pate scores
Bryce Abood to third
Batting: RHB Luke Kreijling 0-0: Ball
1-0: Called Strike
1-1: Called Strike
1-2: Strikes out swinging
Top of the 1st over - 2 runs, 3 hits, 0 errors, 1 left on base; Atlantic City 2 - Reno 0
BOTTOM OF THE 1ST
Reno Silver Sox batting - Pitching for Atlantic City Sonics : RHP Lincoln Spooner
Pitching: RHP Lincoln Spooner
Batting: RHB Jean Lechuga 0-0: Ball
1-0: Ball
2-0: Called Strike
2-1: Ground out 6-3 (Groundball, 6S)
Batting: RHB Tumas Wenzu 0-0: Ball
1-0: Ground out 5-3 (Groundball, 56)
Batting: RHB Daniel Bertrand 0-0: Fly out, F4 (Popup, 34)
Bottom of the 1st over - 0 runs, 0 hits, 0 errors, 0 left on base; Atlantic City 2 - Reno 0
TOP OF THE 2ND
Atlantic City Sonics batting - Pitching for Reno Silver Sox : RHP Edgardo Salas
Batting: RHB Kendrick Drumgoole 0-0: Called Strike
0-1: Ball
1-1: SINGLE (Groundball, 56D)
Batting: LHB Donovan Inman 0-0: Called Strike
0-1: Ball
1-1: Fly out, F7 (Flyball, 7S)
Batting: RHB Dam Son 0-0: Called Strike
0-1: Ball
1-1: Ball
2-1: Called Strike
2-2: Ball
3-2: Fly out, F7 (Flyball, 7LDF)
Batting: LHB Xuan-ling Liao 0-0: Ball
1-0: Ball
2-0: Ball
3-0: Base on Balls
Kendrick Drumgoole to second
Batting: RHB Mike Pate 0-0: 3-RUN HOME RUN (Flyball, 7LD), Distance : 358 ft
Batting: LHB Bryce Abood 0-0: Ball
1-0: Ball
2-0: Ball
3-0: Called Strike
3-1: Called Strike
3-2: Base on Balls
Batting: RHB Jeff Quesenberry 0-0: Foul Ball, location: 2F
0-1: Ball
1-1: DOUBLE (Line Drive, 7LS)
Bryce Abood to third
Runner from 3rd tries for Home, SAFE, no throw
Batting: RHB Alejandro Sánchez 0-0: Swinging Strike
0-1: Ball
1-1: Ball
2-1: Ball
3-1: Fly out, F8 (Flyball, 89D)
Top of the 2nd over - 4 runs, 3 hits, 0 errors, 1 left on base; Atlantic City 6 - Reno 0
BOTTOM OF THE 2ND
Reno Silver Sox batting - Pitching for Atlantic City Sonics : RHP Lincoln Spooner
Batting: RHB Carlos González 0-0: Called Strike
0-1: Foul Ball, location: 2F
0-2: Ground out 5-3 (Groundball, 5L)
Batting: LHB Luis Aranda 0-0: Ball
1-0: Called Strike
1-1: Called Strike
1-2: Ball
2-2: Ball
3-2: SINGLE (Groundball, 34D)
Batting: RHB Juan Laguna 0-0: Called Strike
0-1: Foul Ball, location: 2F
0-2: Ball
1-2: Foul Ball, location: 2F
1-2: Fly out, F3 (Popup, 3SF)
Batting: RHB Maik Palen 0-0: Ground out 5-3 (Groundball, 56S)
Bottom of the 2nd over - 0 runs, 1 hit, 0 errors, 1 left on base; Atlantic City 6 - Reno 0
TOP OF THE 3RD
Atlantic City Sonics batting - Pitching for Reno Silver Sox : RHP Edgardo Salas
Batting: RHB Luke Kreijling 0-0: Foul Ball, location: 2F
0-1: Ball
1-1: Ball
2-1: Foul Ball, location: 2F
2-2: Fly out, F8 (Flyball, 8RXD)
Batting: RHB Kendrick Drumgoole 0-0: Called Strike
0-1: Swinging Strike
0-2: Strikes out swinging
Batting: LHB Donovan Inman 0-0: Foul Ball, location: 2F
0-1: Fly out, F7 (Line Drive, 7)
Top of the 3rd over - 0 runs, 0 hits, 0 errors, 0 left on base; Atlantic City 6 - Reno 0
BOTTOM OF THE 3RD
Reno Silver Sox batting - Pitching for Atlantic City Sonics : RHP Lincoln Spooner
Batting: RHB Landon Edwards 0-0: Ground out 5-3 (Groundball, 5)
Batting: RHB Elijah Seymour 0-0: Swinging Strike
0-1: Ball
1-1: Ball
2-1: Ball
3-1: Base on Balls
Batting: RHB Jean Lechuga 0-0: Ball
1-0: SINGLE (Flyball, 89S)
Elijah Seymour to second
Batting: RHB Tumas Wenzu 0-0: Ball
1-0: Foul Ball, location: 2F
1-1: Ball
2-1: Ball
3-1: DOUBLE (Line Drive, 9LS)
Elijah Seymour scores
Jean Lechuga to third
Runner from 3rd tries for Home, SAFE, no throw
Batting: RHB Daniel Bertrand 0-0: Ball
1-0: Ball
2-0: Called Strike
2-1: Ground out 4-3 (Groundball, 4M)
Tumas Wenzu to third
Batting: RHB Carlos González 0-0: Ground out 6-3 (Groundball, 6)
Bottom of the 3rd over - 2 runs, 2 hits, 0 errors, 1 left on base; Atlantic City 6 - Reno 2
TOP OF THE 4TH
Atlantic City Sonics batting - Pitching for Reno Silver Sox : RHP Edgardo Salas
Batting: RHB Dam Son 0-0: Ball
1-0: Ball
2-0: Ball
3-0: Called Strike
3-1: Base on Balls
Batting: LHB Xuan-ling Liao 0-0: Ball
1-0: Ball
2-0: Fly out, F4 (Line Drive, 34)
Batting: RHB Mike Pate 0-0: Ball
1-0: Called Strike
1-1: Foul Ball, location: 2F
1-2: Fielders Choice at 2nd, 5-4 (Groundball, 56)
Batting: LHB Bryce Abood 0-0: Ball
1-0: Ball
2-0: Called Strike
2-1: Fly out, F9 (Flyball, 9LM)
Top of the 4th over - 0 runs, 0 hits, 0 errors, 1 left on base; Atlantic City 6 - Reno 2
BOTTOM OF THE 4TH
Reno Silver Sox batting - Pitching for Atlantic City Sonics : RHP Lincoln Spooner
Batting: LHB Luis Aranda 0-0: Ball
1-0: Ball
2-0: DOUBLE (Flyball, 8RD)
Batting: RHB Juan Laguna 0-0: Ball
1-0: Ball
2-0: Foul Ball, location: 2F
2-1: SINGLE (Groundball, 34D)
Luis Aranda to third
Batting: RHB Maik Palen 0-0: Called Strike
0-1: Fly out, F7 (Flyball, 78D)
Runner from 3rd tags up, SCORES, throw made
Batting: RHB Landon Edwards 0-0: SINGLE (Groundball, 6MD)
Juan Laguna to second
Batting: RHB Elijah Seymour 0-0: Foul Ball, location: 2F
0-1: SINGLE (Groundball, 6MD)
Juan Laguna to third
Landon Edwards to second
Runner from 3rd tries for Home, SAFE, no throw
Batting: RHB Jean Lechuga 0-0: Foul Ball, location: 2F
0-1: Foul Ball, location: 2F
0-2: SINGLE (Flyball, 9LS)
Landon Edwards to third
Elijah Seymour to second
Batting: RHB Tumas Wenzu 0-0: Ball
1-0: Ball
2-0: Ball
3-0: Called Strike
3-1: Base on Balls
Landon Edwards scores
Elijah Seymour to third
Jean Lechuga to second
Batting: RHB Daniel Bertrand 0-0: Called Strike
0-1: Ball
1-1: Foul Ball, location: 2F
1-2: Fly out, F9 (Line Drive, 9)
Batting: RHB Carlos González 0-0: Ball
1-0: Called Strike
1-1: Called Strike
1-2: Ball
2-2: Foul Ball, location: 2F
2-2: Ball
3-2: Strikes out looking
Bottom of the 4th over - 3 runs, 5 hits, 0 errors, 3 left on base; Atlantic City 6 - Reno 5
TOP OF THE 5TH
Atlantic City Sonics batting - Pitching for Reno Silver Sox : RHP Edgardo Salas
Batting: RHB Jeff Quesenberry 0-0: Ball
1-0: Ground out 5-3 (Groundball, 56S)
Batting: RHB Alejandro Sánchez 0-0: Ball
1-0: SINGLE (Groundball, 56D)
Batting: RHB Luke Kreijling 0-0: Fielders Choice at 2nd, 5-4 (Groundball, 56)
Batting: RHB Kendrick Drumgoole 0-0: Ball
1-0: Ball
2-0: Called Strike
2-1: Ground out 1-3 (Groundball, 13S)
Top of the 5th over - 0 runs, 1 hit, 0 errors, 1 left on base; Atlantic City 6 - Reno 5
BOTTOM OF THE 5TH
Reno Silver Sox batting - Pitching for Atlantic City Sonics : RHP Lincoln Spooner
Batting: LHB Luis Aranda 0-0: SINGLE (Groundball, 6MD)
Batting: RHB Juan Laguna 0-0: Called Strike
0-1: Ball
1-1: Fly out, F9 (Flyball, 9D)
Batting: RHB Maik Palen 0-0: SINGLE (Groundball, 56D)
Luis Aranda to second
Batting: RHB Landon Edwards 0-0: Swinging Strike
0-1: Foul Ball, location: 2F
0-2: Foul Ball, location: 2F
0-2: SINGLE (Line Drive, 56D)
Luis Aranda to third
Maik Palen to second
Runner from 3rd tries for Home, SAFE, no throw
Batting: RHB Elijah Seymour 0-0: Ball
1-0: Swinging Strike
1-1: SINGLE (Groundball, 6MD)
Maik Palen to third
Landon Edwards to second
Runner from 3rd tries for Home, SAFE, no throw
Batting: RHB Jean Lechuga 0-0: Ball
1-0: Ball
2-0: Ball
3-0: Base on Balls
Landon Edwards to third
Elijah Seymour to second
Batting: RHB Tumas Wenzu 0-0: SINGLE (Groundball, 6MD)
Landon Edwards scores
Elijah Seymour to third
Jean Lechuga to second
Runner from 3rd tries for Home, SAFE, no throw
Pitching: RHP Pedro Reynoso
Batting: RHB Daniel Bertrand 0-0: Foul Ball, location: 2F
0-1: Ball
1-1: Swinging Strike
1-2: Strikes out looking
Batting: RHB Carlos González 0-0: Ball
1-0: Ball
2-0: Ball
3-0: Called Strike
3-1: Called Strike
3-2: SINGLE (Line Drive, 7LS)
Jean Lechuga to third
Tumas Wenzu to second
Jean Lechuga scores
Tumas Wenzu to third
Batting: LHB Luis Aranda 0-0: Called Strike
0-1: Ball
1-1: Ball
2-1: Fly out, F7 (Line Drive, 7S)
Bottom of the 5th over - 5 runs, 6 hits, 0 errors, 2 left on base; Atlantic City 6 - Reno 10
TOP OF THE 6TH
Atlantic City Sonics batting - Pitching for Reno Silver Sox : RHP Edgardo Salas
Pitching: RHP Jorge Reyna
Batting: LHB Donovan Inman 0-0: Ball
1-0: Ball
2-0: Ball
3-0: Base on Balls
Batting: RHB Dam Son 0-0: Foul Ball, location: 2F
0-1: Called Strike
0-2: Ball
1-2: Fielders Choice at 2nd, 6-4 (Groundball, 6)
Batting: LHB Xuan-ling Liao 0-0: Foul Ball, location: 2F
0-1: Foul Ball, location: 2F
0-2: Ball
1-2: SINGLE (Groundball, 6MD)
Dam Son to second
Runner from 2nd tries for 3rd, SAFE, no throw
Batting: RHB Mike Pate 0-0: Fly out, F4 (Line Drive, 4)
Batting: LHB Bryce Abood 0-0: Called Strike
0-1: Ball
1-1: Ground out 5-3 (Groundball, 5L)
Top of the 6th over - 0 runs, 1 hit, 0 errors, 2 left on base; Atlantic City 6 - Reno 10
BOTTOM OF THE 6TH
Reno Silver Sox batting - Pitching for Atlantic City Sonics : RHP Pedro Reynoso
Batting: RHB Juan Laguna 0-0: Ball
1-0: Ball
2-0: Foul Ball, location: 2F
2-1: Called Strike
2-2: Ball
3-2: Ground out 6-3 (Groundball, 6S)
Batting: RHB Maik Palen 0-0: Ball
1-0: Ball
2-0: Ball
3-0: Base on Balls
Batting: RHB Landon Edwards 0-0: Foul Ball, location: 2F
0-1: Ball
1-1: Fly out, F4 (Line Drive, 4)
Batting: RHB Elijah Seymour 0-0: Foul Ball, location: 2F
0-1: Ground out 4-3 (Groundball, 4)
Bottom of the 6th over - 0 runs, 0 hits, 0 errors, 1 left on base; Atlantic City 6 - Reno 10
TOP OF THE 7TH
Atlantic City Sonics batting - Pitching for Reno Silver Sox : RHP Jorge Reyna
Batting: RHB Jeff Quesenberry 0-0: Ball
1-0: Swinging Strike
1-1: Swinging Strike
1-2: Strikes out swinging
Batting: RHB Alejandro Sánchez 0-0: Ball
1-0: Called Strike
1-1: Foul Ball, location: 2F
1-2: SINGLE (Groundball, 56D)
Batting: RHB Luke Kreijling 0-0: SINGLE (Groundball, 6MD)
Alejandro Sánchez to second
Batting: RHB Kendrick Drumgoole 0-0: Ball
1-0: Called Strike
1-1: Swinging Strike
1-2: Grounds into double play, 6-4-3 (Groundball, 6)
Top of the 7th over - 0 runs, 2 hits, 0 errors, 1 left on base; Atlantic City 6 - Reno 10
BOTTOM OF THE 7TH
Reno Silver Sox batting - Pitching for Atlantic City Sonics : RHP Pedro Reynoso
Batting: RHB Jean Lechuga 0-0: SOLO HOME RUN (Flyball, 7LD), Distance : 343 ft
Batting: RHB Tumas Wenzu 0-0: Called Strike
0-1: Ball
1-1: Called Strike
1-2: Ball
2-2: SINGLE (Groundball, 34D)
Batting: RHB Daniel Bertrand 0-0: Called Strike
0-1: Fly out, F8 (Line Drive, 8RS)
Batting: RHB Carlos González 0-0: Fly out, F5 (Popup, 6S)
Batting: LHB Luis Aranda 0-0: Ball
1-0: Ball
2-0: Fly out, F7 (Line Drive, 78S)
Bottom of the 7th over - 1 run, 2 hits, 0 errors, 1 left on base; Atlantic City 6 - Reno 11
TOP OF THE 8TH
Atlantic City Sonics batting - Pitching for Reno Silver Sox : RHP Jorge Reyna
Now at 3B: David Meléndez
Batting: LHB Donovan Inman 0-0: Ball
1-0: SINGLE (Flyball, 89S)
Batting: RHB Dam Son 0-0: Called Strike
0-1: Ball
1-1: Ball
2-1: Fly out, F4 (Line Drive, 34D)
Batting: LHB Xuan-ling Liao 0-0: Called Strike
0-1: Called Strike
0-2: Foul Ball, location: 2F
0-2: Strikes out swinging
Batting: RHB Mike Pate 0-0: Ball
1-0: Fly out, F8 (Flyball, 8RD)
Top of the 8th over - 0 runs, 1 hit, 0 errors, 1 left on base; Atlantic City 6 - Reno 11
BOTTOM OF THE 8TH
Reno Silver Sox batting - Pitching for Atlantic City Sonics : RHP Pedro Reynoso
Batting: RHB Juan Laguna 0-0: Ball
1-0: Ball
2-0: Foul Ball, location: 2F
2-1: Foul Ball, location: 2F
2-2: Ball
3-2: Foul Ball, location: 2F
3-2: Fly out, F6 (Line Drive, 56)
Batting: RHB Maik Palen 0-0: Ball
1-0: Called Strike
1-1: Ball
2-1: SINGLE (Groundball, 34D)
Batting: RHB Landon Edwards 0-0: Ball
1-0: Fly out, F8 (Flyball, 78M)
Batting: RHB Elijah Seymour 0-0: Ball
1-0: Ball
2-0: Called Strike
2-1: Swinging Strike
2-2: Foul Ball, location: 2F
2-2: Ball
3-2: Strikes out swinging
Bottom of the 8th over - 0 runs, 1 hit, 0 errors, 1 left on base; Atlantic City 6 - Reno 11
TOP OF THE 9TH
Atlantic City Sonics batting - Pitching for Reno Silver Sox : RHP Jorge Reyna
Now at C: Gomez Talone
Batting: LHB Bryce Abood 0-0: Ball
1-0: Foul Ball, location: 2F
1-1: Swinging Strike
1-2: Foul Ball, location: 2F
1-2: Strikes out swinging
Batting: RHB Jeff Quesenberry 0-0: Ball
1-0: Swinging Strike
1-1: Foul Ball, location: 2F
1-2: Ball
2-2: Fly out, F7 (Flyball, 7S)
Batting: RHB Alejandro Sánchez 0-0: Fly out, F8 (Flyball, 89D)
Top of the 9th over - 0 runs, 0 hits, 0 errors, 0 left on base; Atlantic City 6 - Reno 11
Saturday, December 22nd, 2018 - OOTP Baseball 18.8 Build 76